 Dungeon Crawl Stone Soup version 0.31-a0-1074-g0b22e4e0f1 (webtiles) character file.

Game seed: 12109225345259091997

2144 Jeffwins the Changeling (level 9, 0/58 HPs)
             Began as a Felid Shapeshifter on Dec 1, 2023.
             Succumbed to a water moccasin's poison
             ... on level 6 of the Dungeon.
             The game lasted 00:07:06 (5354 turns).

Jeffwins the Changeling (Felid Shapeshifter)        Turns: 5354, Time: 00:07:07

Health: 0/58       AC: 24    Str: 10    XL:     9   Next: 9%
Magic:  14/14      EV:  4    Int: 15    God:
Gold:   280        SH:  0    Dex: 16    Spells: 14/14 levels left
                                        Lives:  0   Deaths: 3

rFire   . .          .
                       - Unarmed
rCold   . . .        (shield unavailable)
rNeg    + . .        (body armour unavailable)
rPois   +            (helmet unavailable)
rElec   .            (cloak unavailable)
rCorr   .            (gloves unavailable)
SInv    +            (boots unavailable)
Will    +....        (no amulet)
Stlth   +++          N - ring of positive energy
HPRegen 0.29/turn    (no ring)
MPRegen 0.14/turn

%: no passive effects
@: lethally poisoned (0 -> -20), tree-form
A: stationary, stasis, torment immunity, boosted hp, very small, (claws 1),
(fangs 3), see invisible, (speed 1), (shaggy fur 2), (stealthy paws), no weapons
or thrown items, no armour, multi-lived
a: no special abilities


You were on level 6 of the Dungeon.
You were a tree.
You visited 1 branch of the dungeon, and saw 6 of its levels.

You collected 280 gold pieces.


Innate Abilities, Weirdness & Mutations

You are a tree.
Your roots penetrate the ground, keeping you stationary.
You cannot be teleported.
You are immune to unholy pain and torment.
Your maximum health is greatly increased.
((You have sharp claws.))
((You have razor-sharp teeth.))
You have supernaturally acute eyesight. (SInv)
((You cover ground quickly. (Speed+)))
((You are covered in thick fur. (AC +2)))
((Your paws help you pounce on unaware monsters.))
You are incapable of wielding weapons or throwing items.
You cannot wear armour.
You gain extra lives every three experience levels.


   Skills:
 + Level 4.1 Fighting
 + Level 5.7 Dodging
 + Level 5.5 Stealth
 * Level 6.5 Unarmed Combat
 + Level 3.2 Spellcasting
 + Level 3.6 Evocations
 * Level 6.7 Shapeshifting


You had 14 spell levels left.
You didn't know any spells.
Your spell library contained the following spells:

 Spells                   Type           Power      Damage    Failure   Level
 Sublimation of Blood     Necr           2%         N/A       30%         2
 Wereblood                Tmut           2%         N/A       30%         2
 Summon Hydra             Summ           1%         N/A       100%        7

Inventory:

Jewellery
 N - a ring of positive energy (left branch)
Talismans
 b - a beast talisman
 c - a flux talisman
 v - a blade talisman
 y - a maw talisman
Wands
 q - a wand of paralysis (1)
 s - a wand of quicksilver (5)
Scrolls
 d - 7 scrolls of identify {unknown}
 e - 3 scrolls of poison {unknown}
 j - 6 scrolls of teleportation {unknown}
 n - 2 scrolls of immolation {unknown}
 o - a scroll of vulnerability {unknown}
 p - a scroll of fog {unknown}
 r - 2 scrolls of fear {unknown}
 t - a scroll of blinking {unknown}
 w - a scroll of noise {unknown}
 z - a scroll of acquirement {unknown}
 A - a scroll of revelation {unknown}
Potions
 a - 2 potions of lignification {!q}
 f - a potion of magic {unknown}
 g - 3 potions of curing {unknown}
 h - 2 potions of resistance {unknown}
 i - a potion of heal wounds {unknown}
 k - 2 potions of mutation {unknown}
 l - 2 potions of haste {unknown}
 m - a potion of cancellation {unknown}
 u - 2 potions of enlightenment {unknown}
 x - a potion of attraction {unknown}

Dungeon Overview and Level Annotations

Branches:
Dungeon (6/15)
 Temple: D:4-7

Altars:
Ashenzari
Okawaru
Yredelemnul

..#
#....#...#......#
#...... ..#
#....#...'......#
#...... #####
##.#######......#
#...... ###.##
### ###....#
#...... .....#
#....# ....
.....# # #....#
.....## #..
#....# ......#
#....####..>.#
#######
#)...♣....##
#...S.....#
#.........#
#.......).#
###########


You could see a water moccasin.


Message History

Unknown command.
You claw the scorpion!
You kill the scorpion!
The water moccasin bites you.
Unknown command.
You closely miss the water moccasin. The water moccasin bites you!
* * * LOW HITPOINT WARNING * * *
You are poisoned.
The water moccasin poisons you! The water moccasin misses you.
Aiming: Quicksilver Bolt
Press: ? - help, Shift-Dir - straight line, f - water moccasin
Aim: a water moccasin (57% to hit)
The bolt of dispelling energy misses the water moccasin.
* * * LOW HITPOINT WARNING * * *
You feel very sick. The water moccasin barely misses you.
Unknown command.
Aiming: Quicksilver Bolt
Press: ? - help, Shift-Dir - straight line, f/p - water moccasin
Aim: a water moccasin (57% to hit)
The bolt of dispelling energy hits the water moccasin!
The water moccasin is heavily wounded.
You feel sick. The water moccasin bites you!
* * * LOW HITPOINT WARNING * * *
You are more poisoned.
The water moccasin poisons you!
Unknown command.
Your transformation has ended.
You turn into a tree.
Your roots penetrate the ground.
You die...

Skill      XL: |  1  2  3  4  5  6  7  8 |
---------------+-------------------------+-----
Stealth        | 1 2 3 4 5 |  5.5
Dodging        | 3 4 5 |  5.7
Shapeshifting  | 4 5 6 |  6.7
Spellcasting   | 1 2 3 |  3.2
Unarmed Combat | 4 5 6 |  6.5
Fighting       | 2 3 4 |  4.1
Evocations     | 1 2 3 |  3.6

Action                     |  1- 3 |  4- 6 |  7- 9 || total
---------------------------+-------+-------+-------++-------
  Melee: Unarmed           |    69 |   183 |   131 ||   383
         Punch             |     2 |     2 |     1 ||     5
         Bite              |     8 |     8 |    12 ||    28
  Evoke: Wand              |       |     2 |     9 ||    11
    Use: Potion            |       |       |     1 ||     1
   Stab: Sleeping          |     3 |     9 |     2 ||    14
         Paralysed         |       |     1 |     3 ||     4
         Distracted        |       |     1 |     1 ||     2
 Armour: Skin              |    17 |    47 |    37 ||   101
  Dodge: Dodged            |    39 |   140 |   136 ||   315

Levels and vault maps discovered:
D:1:      doesnt_arrival_eight_statues, layout_loops_ring,
          ebering_ecumenical_altar_hall, minmay_tall_x
D:2:      layout_basic, basic_altar, uniq_natasha
D:3:      layout_basic, minivault_19
D:4:      layout_gridville, general_overflow_altar, uniq_ijyb
D:5:      layout_basic, nicolae_zen_rock_garden, uniq_eustachio
D:6:      layout_gridville, mainiacjoe_overflow_concentric_impassable

Notes
Turn   | Place    | Note
-------+----------+-------------------------------------------
     0 | D:1      | Jeffwins the Felid Shapeshifter began the quest for the
                  | Orb.
     0 | D:1      | Reached XP level 1. HP: 9/9 MP: 2/2
   248 | D:1      | Reached XP level 2. HP: 12/12 MP: 3/3
   426 | D:1      | Found a faded altar of an unknown god.
   778 | D:2      | Found a broken altar of Ashenzari.
   805 | D:2      | Reached skill level 1 in Stealth
   805 | D:2      | Reached XP level 3. HP: 15/15 MP: 4/4
   810 | D:2      | HP: 1/15 [worm (10)]
   884 | D:2      | Reached skill level 3 in Dodging
  1145 | D:2      | Noticed Natasha
  1207 | D:2      | Killed Natasha
  1208 | D:2      | Reached skill level 4 in Shapeshifting
  1208 | D:2      | Reached XP level 4. HP: 19/19 MP: 4/6
  1468 | D:2      | Noticed Natasha
  1475 | D:2      | Killed Natasha
  1633 | D:2      | Noticed Natasha
  1646 | D:2      | Killed Natasha
  1647 | D:2      | Reached skill level 1 in Spellcasting
  1962 | D:3      | Reached XP level 5. HP: 22/22 MP: 7/7
  1973 | D:3      | Reached skill level 2 in Stealth
  2124 | D:3      | Identified the +1 robe of Gallantry {rN++ Int+3 Stlth+}
  2327 | D:4      | Reached skill level 4 in Unarmed Combat
  2424 | D:4      | Reached skill level 2 in Fighting
  2471 | D:4      | Slain by an iguana
  2509 | D:4      | Found a basalt altar of Yredelemnul.
  2954 | D:4      | Noticed Ijyb
  2956 | D:4      | Killed Ijyb
  2957 | D:4      | Gained mutation: You are covered in thick fur. (AC +2)
                  | [Felid growth]
  2957 | D:4      | Reached XP level 6. HP: 26/26 MP: 8/8
  3235 | D:4      | Reached skill level 1 in Evocations
  3415 | D:5      | Entered Level 5 of the Dungeon
  3415 | D:5      | Noticed Eustachio
  3423 | D:5      | Killed Eustachio
  3424 | D:5      | Reached skill level 4 in Dodging
  3424 | D:5      | Reached skill level 3 in Stealth
  3605 | D:5      | Reached skill level 5 in Shapeshifting
  3605 | D:5      | Reached XP level 7. HP: 24/30 MP: 10/10
  4127 | D:5      | Noticed a two-headed ogre
  4130 | D:5      | Reached skill level 5 in Unarmed Combat
  4130 | D:5      | Reached skill level 2 in Spellcasting
  4132 | D:5      | Mangled by a two-headed ogre
  4224 | D:5      | Killed a two-headed ogre
  4225 | D:5      | Reached skill level 3 in Fighting
  4225 | D:5      | Reached skill level 5 in Dodging
  4225 | D:5      | Reached skill level 4 in Stealth
  4225 | D:5      | Reached skill level 2 in Evocations
  4225 | D:5      | Reached XP level 8. HP: 34/34 MP: 12/12
  4334 | D:6      | Reached skill level 6 in Shapeshifting
  4438 | D:6      | Slain by a gnoll
  4461 | D:6      | Reached skill level 3 in Evocations
  4476 | D:6      | Reached skill level 6 in Unarmed Combat
  4659 | D:6      | Reached skill level 5 in Stealth
  4659 | D:6      | Reached skill level 3 in Spellcasting
  4976 | D:6      | Found an iron altar of Okawaru.
  5003 | D:6      | Reached skill level 4 in Fighting
  5003 | D:6      | Reached XP level 9. HP: 28/39 MP: 14/14
  5353 | D:6      | HP: 3/39 [water moccasin (9)]
  5354 | D:6      | Succumbed to a water moccasin's poison

Vanquished Creatures
  A two-headed ogre (D:5)
  Eustachio (D:5)
  An ice beast (D:6)
  A phantom (D:5)
  2 kobold brigands (D:6)
  4 scorpions (D:6)
  5 wights (D:6)
  3 hounds
  2 orc priests
  Ijyb (D:4)
  3 iguanas
  Natasha (thrice) (D:2)
  8 gnolls
  9 adders
  A shadow imp (D:5)
  A white imp (D:5)
  4 ufetubi
  3 worms (D:2)
  9 orcs
  7 ball pythons
  5 bats
  5 endoplasms
  3 giant cockroaches
  9 goblins
  3 hobgoblins
  19 kobolds
  7 quokkas
  2 frilled lizards (D:2)
  7 rats
129 creatures vanquished.

Table legend: (Time is in decaauts)
 A = Elapsed time spent in this place.
 B = Non-inter-level travel time spent in this place.
 C = Inter-level travel time spent in this place.
 D = Time resting spent in this place.
 E = Time spent auto-exploring this place.
 F = Levels seen in this place.
 G = Mean time per level.
                   A        B        C        D        E       F      G
               +--------+--------+--------+--------+--------+-----+--------+
         Total |   4581 |   4437 |    144 |    475 |   3037 |   6 |  763.5 |
       Dungeon |   4581 |   4437 |    144 |    475 |   3037 |   6 |  763.5 |
               +--------+--------+--------+--------+--------+-----+--------+

Top non-repeatable levels by time:
     D:4: 909 daAuts
     D:6: 900 daAuts
     D:2: 876 daAuts
     D:5: 768 daAuts
     D:1: 571 daAuts
     D:3: 555 daAuts

Table legend:
 A = Non-vault XP
 B = Vault XP
 C = Vault XP percentage of total XP
 D = Non-vault monster count
 E = Vault monster count
 F = Vault count percentage of total count
                 A         B        C        D         E       F
            +---------+---------+-------+---------+---------+-------
      Total |    2783 |     280 |   9.1 |     122 |       7 |   5.4
            +---------+---------+-------+---------+---------+-------
        D:1 |      22 |       7 |  24.1 |      13 |       4 |  23.5
        D:2 |     110 |      35 |  24.1 |      15 |       1 |   6.2
        D:3 |      78 |       0 |   0.0 |      14 |       0 |   0.0
        D:4 |     216 |      36 |  14.3 |      30 |       1 |   3.2
        D:5 |    1117 |     202 |  15.3 |      14 |       1 |   6.7
        D:6 |    1240 |       0 |   0.0 |      36 |       0 |   0.0
            +---------+---------+-------+---------+---------+-------
